 Dungeon Crawl Stone Soup version 0.28-a0-1415-g7c84da036a (webtiles) character file.

Game seed: 17474020139259412137

102 SensoryNuts the Insei (level 4, -7/32 HPs)
             Began as a Demonspawn Transmuter on Jan 8, 2022.
             Mangled by a phantom (9 damage)
             ... on level 3 of the Dungeon.
             The game lasted 00:05:02 (3446 turns).

SensoryNuts the Insei (Demonspawn Transmuter)       Turns: 3446, Time: 00:05:02

Health: -7/32      AC:  9    Str: 10    XL:     4   Next: 49%
Magic:  8/8        EV: 12    Int: 16    God:
Gold:   122        SH:  0    Dex: 12    Spells: 3/8 levels left

rFire   + . .      SeeInvis .   j - +3 quarterstaff (chaos)
rCold   + . .      Faith    .   (shield currently unavailable)
rNeg    . . .      Spirit   .   h - +2 robe {rC+ rF+}
rPois   .          Reflect  .   (helmet restricted)
rElec   .          Harm     .   i - +2 cloak
rCorr   .          Rampage  .   g - +0 pair of gloves
Will    .....      Clarity  +   (no boots)
Stlth   +.........              (no amulet)
HPRegen 0.10/turn               (no ring)
MPRegen 0.11/turn               (no ring)

@: no status effects
A: antennae 1, yellow scales 1, foul stench 1, clarity, clumsy 1, deformed body
a: no special abilities


You were on level 3 of the Dungeon.
You visited 1 branch of the dungeon, and saw 3 of its levels.

You collected 122 gold pieces.

Inventory:

Hand Weapons
 j - a +3 quarterstaff of chaos (weapon)
Armour
 a - a +0 robe
 g - a +0 pair of gloves (worn)
 h - a +2 robe of resistance (worn)
 i - a +2 cloak (worn)
Jewellery
 b - a ring of fire
 d - a ring of fire
Scrolls
 f - a scroll of fog
Potions
 c - a potion of attraction
 e - 4 potions of curing


   Skills:
 + Level 1.0 Fighting
 + Level 2.1 Dodging
 + Level 0.5 Stealth
 + Level 3.5 Unarmed Combat
 + Level 2.8 Spellcasting
 + Level 2.5 Transmutations
 + Level 0.1 Ice Magic


You had 3 spell levels left.
You knew the following spells:

 Your Spells              Type           Power      Damage    Failure   Level
a - Beastly Appendage     Tmut           20%        N/A       7%          1
b - Ice Form              Ice/Tmut       6%         N/A       73%         4

Your spell library contained the following spells:

 Spells                   Type           Power      Damage    Failure   Level
 Wereblood                Tmut           10%        N/A       10%         2
 Spider Form              Tmut/Pois      6%         N/A       34%         3


Dungeon Overview and Level Annotations

Branches:
Dungeon (3/15)

Altars:


Innate Abilities, Weirdness & Mutations

You have a pair of small antennae on your head.
You are partially covered in yellow scales. (AC +2)
You may rarely emit foul miasma when damaged in melee.
You possess an exceptional clarity of mind.
You are clumsy. (Dex -2)
Armour fits poorly on your strangely shaped body.


Message History

The phantom hits you.
You barely miss the phantom. The phantom misses you.
You miss the phantom. The phantom barely misses you.
The phantom hits you but does no damage.
You hit the phantom but do no damage.
The phantom seems to grow stronger.
The phantom closely misses you.
You barely miss the phantom. The phantom barely misses you.
You sock the phantom!
The phantom is moderately damaged.
The phantom misses you. The phantom barely misses you.
You closely miss the phantom.
The phantom is moderately damaged.
The phantom misses you.
You hit the phantom.
Nothing appears to happen.
The phantom is heavily damaged.
The phantom hits you but does no damage.
You closely miss the phantom.
The phantom is moderately damaged.
The phantom closely misses you.
You miss the phantom.
The phantom is moderately damaged.
The phantom hits you!
The phantom blinks!
You blink.
The phantom barely misses you.
You barely miss the phantom.
The phantom is moderately damaged.
The phantom hits you!
You are too injured to fight recklessly!
You are too injured to fight recklessly!
You are too injured to fight recklessly!
You are too injured to fight recklessly!
You closely miss the phantom.
The phantom is moderately damaged.
The phantom hits you.
You emit a cloud of foul miasma!
The phantom blinks!
You blink.
You hit the phantom.
The phantom convulses!
The phantom is almost destroyed.
The phantom hits you!
* * * LOW HITPOINT WARNING * * *
The phantom blinks!
You blink.
The phantom hits you!
You die...

## .# .# ######.#
#§@..§§# #W######
#.# # #.# .r> #†#
##...#.###########
..................#
.####.#.########.##
.....# #.#


You could see a phantom (strong, agile).

Vanquished Creatures
  Crazy Yiuf (D:2)
  An adder (D:2)
  4 dart slugs
  9 endoplasms
  2 giant cockroaches
  A goblin (D:1)
  2 hobgoblins
  4 jackals (D:1)
  9 ball pythons
  7 bats
  2 frilled lizards
  6 kobolds
  6 rats
54 creatures vanquished.

Vanquished Creatures (others)
  2 fungi (D:2)
2 creatures vanquished.

Grand Total: 56 creatures vanquished

Notes
Turn   | Place    | Note
-------+----------+-------------------------------------------
     0 | D:1      | SensoryNuts the Demonspawn Transmuter began the quest for
                  | the Orb.
     0 | D:1      | Reached XP level 1. HP: 15/15 MP: 3/3
   384 | D:1      | Reached skill level 3 in Unarmed Combat
   494 | D:1      | Gained mutation: You are partially covered in yellow
                  | scales. (AC +2) [demonic ancestry]
   494 | D:1      | Reached XP level 2. HP: 17/21 MP: 3/5
  1004 | D:1      | Gained mutation: You may rarely emit foul miasma when
                  | damaged in melee. [demonic ancestry]
  1004 | D:1      | Reached XP level 3. HP: 25/26 MP: 4/6
  1583 | D:1      | Gained mutation: Armour fits poorly on your strangely
                  | shaped body. [potion of mutation]
  1583 | D:1      | Gained mutation: You are clumsy. (Dex -2) [potion of
                  | mutation]
  1583 | D:1      | Gained mutation: You possess an exceptional clarity of
                  | mind. [potion of mutation]
  2148 | D:2      | Lost mutation: You have a pair of horns on your head.
                  | [demonic ancestry]
  2148 | D:2      | Lost mutation: You have a pair of small horns on your head.
                  | [demonic ancestry]
  2148 | D:2      | Gained mutation: You have a pair of small antennae on your
                  | head. [demonic ancestry]
  2148 | D:2      | Reached XP level 4. HP: 32/32 MP: 5/7
  2717 | D:2      | Found a runed translucent door.
  2718 | D:2      | Noticed Crazy Yiuf
  2726 | D:2      | Learned a level 4 spell: Ice Form
  3312 | D:2      | Killed Crazy Yiuf
  3432 | D:3      | Noticed a phantom
  3446 | D:3      | Mangled by a phantom

Illustrated notes

Levels and vault maps discovered:
D:1:      dpeg_arrival_rooms_with_view, layout_loops_corners, st_stairs_14,
          minmay_cupped
D:2:      minmay_evil_eye, layout_loops_ring, uniq_crazy_yiuf_cottage
D:3:      layout_basic, uniq_grinder, uniq_ijyb

Skill      XL: |  1  2 |
---------------+-------+-----
Unarmed Combat | 3 |  3.5
Dodging        | 2 |  2.1
Transmutations | 2 |  2.5
Fighting       | |  1.0
Stealth        | |  0.5
Spellcasting   | |  2.8
Ice Magic      | |  0.1

Action                   |  1- 3 |  4- 6 || total
-------------------------+-------+-------++-------
Melee: Unarmed           |   103 |    18 ||   121
       Kick              |    23 |     8 ||    31
       Headbutt          |    14 |       ||    14
       Quarterstaff      |       |    14 ||    14
 Cast: Beastly Appendage |    34 |     9 ||    43
       Ice Form          |       |     1 ||     1
  Use: Scroll            |     3 |       ||     3
       Potion            |     1 |       ||     1
 Stab: Sleeping          |     2 |     2 ||     4
Armor: Robe              |    21 |     3 ||    24
Dodge: Dodged            |    75 |    11 ||    86

Table legend: (Time is in decaauts)
 A = Elapsed time spent in this place.
 B = Non-inter-level travel time spent in this place.
 C = Inter-level travel time spent in this place.
 D = Time resting spent in this place.
 E = Time spent auto-exploring this place.
 F = Levels seen in this place.
 G = Mean time per level.
                   A        B        C        D        E       F      G
               +--------+--------+--------+--------+--------+-----+--------+
         Total |   3445 |   3353 |     92 |      0 |   2951 |   3 | 1148.3 |
       Dungeon |   3445 |   3353 |     92 |      0 |   2951 |   3 | 1148.3 |
               +--------+--------+--------+--------+--------+-----+--------+

Top non-repeatable levels by time:
     D:2: 1760 daAuts
     D:1: 1633 daAuts
     D:3: 51 daAuts
